 Dungeon Crawl Stone Soup version 0.21.0-3-g78d12a8bdd (webtiles) character file.

185 MalkierKing the Shield-Bearer (level 5, -2/47 HPs)
             Began as a Minotaur Fighter on Jan 9, 2018.
             Slain by Pikel
             ... wielding a +0 whip of electrocution
              (3 damage)
             ... on level 4 of the Dungeon.
             The game lasted 00:34:21 (3350 turns).

MalkierKing the Shield-Bearer (Minotaur Fighter)    Turns: 3350, Time: 00:34:22

Health: -2/47      AC:  8    Str: 22    XL:     5   Next: 37%
Magic:  4/4        EV:  8    Int:  5    God:
Gold:   193        SH: 10    Dex:  9    Spells: 4/4 levels left

rFire    . . .     SeeInvis .   a - +0 war axe
rCold    + . .     Gourm    .   c - +0 shield
rNeg     . . .     Faith    .   b - +1 scale mail
rPois    .         Spirit   .   (helmet restricted)
rElec    .         Reflect  .   (no cloak)
rCorr    .         Harm     .   (no gloves)
MR       .....                  (no boots)
Stlth    ..........             (no amulet)
HPRegen  0.15/turn              z - ring of protection from cold
MPRegen  0.09/turn              (no ring)

@: about to teleport
A: retaliatory headbutt, horns 2
a: no special abilities


You were on level 4 of the Dungeon.
You were hungry.

You visited 1 branch of the dungeon, and saw 4 of its levels.

You collected 193 gold pieces.

Inventory:

Hand Weapons
 a - a +0 war axe (weapon)
 t - a +2 whip of flaming
 x - a +0 blowgun
 I - a +0 falchion
Missiles
 i - 80 stones (quivered)
 l - 71 arrows
 q - 20 bolts
 s - 13 sling bullets
 y - 32 poisoned needles
Armour
 b - a +1 scale mail (worn)
 c - a +0 shield (worn)
 v - a +0 robe
 w - a +0 robe
 E - a +0 animal skin
Jewellery
 z - a ring of protection from cold (left hand)
Scrolls
 e - a scroll of blinking {unknown}
 g - 2 scrolls of teleportation
 j - a scroll of enchant armour
 k - 2 scrolls of identify
 m - 2 scrolls of remove curse
 o - a scroll of fog {unknown}
 p - a scroll of random uselessness {unknown}
 A - a scroll of amnesia
 F - a scroll of magic mapping {unknown}
 G - a scroll of fear {unknown}
Potions
 d - 2 potions of might
 h - a potion of magic {unknown}
 n - a potion of agility
 r - a potion of resistance {unknown}
 u - 2 potions of berserk rage {unknown}
 B - a potion of heal wounds {unknown}
 C - a potion of flight
 D - a potion of curing {unknown}
Comestibles
 f - 4 rations
 H - 2 chunks of flesh


   Skills:
 + Level 4.4 Fighting
 * Level 3.8 Axes
 + Level 0.8 Throwing
 + Level 4.8 Armour
 + Level 0.7 Dodging
 + Level 0.2 Stealth
 * Level 4.9 Shields


You had 4 spell levels left.
You didn't know any spells.

Dungeon Overview and Level Annotations

Branches:
Dungeon (4/15)
 Temple: D:4-7

Altars:
Hepliaklqana
Trog
The Shining One

Annotations:
D:4 Pikel


Innate Abilities, Weirdness & Mutations

You reflexively headbutt those who attack you in melee.
You have a pair of horns on your head.


Message History

The slave hits you but does no damage.
You barely miss Pikel. You slash Pikel! You headbutt Pikel.
Pikel is moderately wounded.
You block Pikel's attack.
You closely miss Pikel. You headbutt Pikel, but do no damage.
Pikel is moderately wounded.
Pikel hits you but does no damage.
You are electrocuted!
Pikel barely misses you. You furiously retaliate!
You headbutt Pikel! You miss Pikel.
Pikel is severely wounded.
You block Pikel's attack.
You closely miss Pikel.
Pikel is severely wounded.
Pikel hits you but does no damage.
You are electrocuted!
* * * LOW HITPOINT WARNING * * *
As you read the scroll of teleportation, it crumbles to dust.
You feel strangely unstable.
Pikel hits you with a whip of electrocution.
You die...

#. .. ..###.# #. #.
.......
##.##..#..##.#
......#..##(# #.#
#......(# #
#.#####..##p##.#
####.........ppp..#
#.....#####.##K##.#
#.....# #.##@#
#.....# #....#
#.....# #..###
#.....### #..#
###..[..# #....
#####.# ##.### #<#
#.# #.........#
#.......######


You could see Pikel and 4 slaves.

Vanquished Creatures
  The ghost of ShansongY the Magician, an amateur DEAE (D:3)
  Jessica (D:2)
  An iguana (D:4)
  An ooze (D:3)
  A dart slug (D:1)
  An orc (D:4)
  A ball python (D:1)
  6 bats
  6 hobgoblins
  4 kobolds
  A rat (D:1)
24 creatures vanquished.

Notes
Turn   | Place    | Note
-------+----------+-------------------------------------------
     0 | D:1      | MalkierKing the Minotaur Fighter began the quest for the Orb.
     0 | D:1      | Reached XP level 1. HP: 19/19 MP: 0/0
   415 | D:1      | Reached XP level 2. HP: 27/27 MP: 1/1
  1304 | D:2      | Found a hazy altar of Hepliaklqana.
  2030 | D:2      | Noticed Jessica
  2035 | D:2      | Killed Jessica
  2035 | D:2      | Reached XP level 3. HP: 33/33 MP: 2/2
  2584 | D:3      | Noticed ShansongY's ghost (amateur DEAE)
  2601 | D:3      | Killed ShansongY's ghost
  2601 | D:3      | Reached XP level 4. HP: 31/40 MP: 3/3
  2601 | D:3      | Reached XP level 5. HP: 36/46 MP: 4/4
  2629 | D:3      | Found a bloodstained altar of Trog.
  2833 | D:3      | Found a glowing golden altar of the Shining One.
  3333 | D:4      | Noticed a slave
  3334 | D:4      | Noticed a slave
  3335 | D:4      | Noticed a slave
  3338 | D:4      | Noticed Pikel
  3339 | D:4      | Noticed a slave
  3349 | D:4      | HP: 1/47 [Pikel/whip of electrocution (20)]
  3350 | D:4      | Slain by Pikel

Skill      XL: |  1  2  3 |
---------------+----------+-----
Shields        | 4 |  4.9
Fighting       | 4 |  4.4
Armour         | 4 |  4.8
Axes           | 3 |  3.8
Throwing       | |  0.8
Dodging        | |  0.7
Stealth        | |  0.2

Action                   |  1- 3 |  4- 6 || total
-------------------------+-------+-------++-------
Melee: War axe           |    58 |    18 ||    76
       Headbutt          |     9 |     5 ||    14
Throw: Stone             |    23 |     7 ||    30
  Use: Scroll            |     5 |     2 ||     7
       Potion            |     1 |     1 ||     2
  Eat: Ration            |     2 |       ||     2
Armor: Scale mail        |    25 |    10 ||    35
Dodge: Dodged            |    30 |    10 ||    40
Block: Shield            |    27 |     6 ||    33
